 Dungeon Crawl Stone Soup version 0.25.0-33-gff14898491 (webtiles) character file.

Game seed: 1827837863415077950

19076 protoss039 the Eclecticist (level 12, -1/66 HPs)
             Began as a Deep Elf Earth Elementalist on July 7, 2020.
             Was a High Priest of Vehumet.
             Slain by a white ugly thing (31 damage)
             ... on level 13 of the Dungeon.
             The game lasted 00:49:55 (15618 turns).

protoss039 the Eclecticist (DEEE)                  Turns: 15618, Time: 00:49:59

Health: -1/66      AC:  9    Str:  5    XL:     12   Next: 33%
Magic:  14/34      EV: 13    Int: 30    God:    Vehumet [*****.]
Gold:   2000       SH:  0    Dex: 15    Spells: 22/44 levels left

rFire    . . .     SeeInvis +   O - +6 short sword of Income {speed, Fragile +Fly rN+ MR+}
rCold    . . .     Gourm    .   (no shield)
rNeg     + . .     Faith    .   B - +2 robe {MR+}
rPois    +         Spirit   .   (no helmet)
rElec    .         Reflect  .   S - +0 cloak
rCorr    +         Harm     .   h - +0 pair of gloves (curse)
MR       +++..                  N - +2 pair of boots "Inkaithreci" {rPois Int+4}
Stlth    ++........             d - amulet of the acrobat
HPRegen  0.21/turn              G - ring of resist corrosion
MPRegen  0.24/turn              M - ring of see invisible

@: studying Earth Magic
A: no striking features
a: Renounce Religion, Evoke Flight


You were on level 13 of the Dungeon.
You worshipped Vehumet.
Vehumet was extremely pleased with you.
You were not hungry.

You visited 2 branches of the dungeon, and saw 14 of its levels.

You collected 2149 gold pieces.
You spent 149 gold pieces at shops.

Inventory:

Hand Weapons
 O - the +6 short sword of Income (weapon) {speed, Fragile +Fly rN+ MR+}
   (You found it on level 5 of the Dungeon)

   Attacks with this weapon are significantly faster.
   It protects you from negative energy.
   It affects your resistance to hostile enchantments.
   It lets you fly.
   It will be destroyed if unequipped.
Missiles
 b - 237 stones (quivered)
Armour
 c - a +0 kite shield
 g - the +0 scale mail of Twilight {rC- Str+2 Dex+2 Stlth+, unknown}
   (You found it on level 11 of the Dungeon)

   It affects your strength (+2).
   It affects your dexterity (+2).
   It makes you vulnerable to cold.
   It makes you more stealthy.
 h - a cursed +0 pair of gloves (worn)
 m - the +0 robe of Leapfrog {rF+ MR+}
   (You found it on level 13 of the Dungeon)

   It protects you from fire.
   It affects your resistance to hostile enchantments.
 B - a +2 robe of magic resistance (worn)
 N - the +2 pair of boots "Inkaithreci" (worn) {rPois Int+4}
   (You found it on level 8 of the Dungeon)

   It affects your intelligence (+4).
   It protects you from poison.
 S - a +0 cloak (worn)
Jewellery
 d - an amulet of the acrobat (around neck)
 i - an uncursed ring of positive energy
 l - an uncursed amulet of regeneration
 q - a +4 ring of slaying
 G - a ring of resist corrosion (left hand)
 M - a ring of see invisible (right hand)
 R - an uncursed amulet of guardian spirit {unknown}
Wands
 k - a wand of flame (25)
 t - a wand of clouds (4)
 v - a wand of paralysis (12)
 D - a wand of polymorph (5)
 I - a wand of acid (9)
Scrolls
 a - 4 scrolls of teleportation
 f - 2 scrolls of blinking
 p - 3 scrolls of magic mapping {unknown}
 r - a scroll of amnesia
 u - 4 scrolls of fog
 y - 2 scrolls of remove curse {unknown}
 A - a scroll of enchant weapon
 E - 2 scrolls of fear
 L - a scroll of immolation
 T - 2 scrolls of random uselessness {unknown}
Potions
 e - 2 potions of might {unknown}
 n - a potion of brilliance {unknown}
 o - a potion of lignification {unknown}
 s - 4 potions of flight {unknown}
 w - a potion of magic {unknown}
 x - 6 potions of curing
 z - 2 potions of resistance {unknown}
 C - 3 potions of stabbing {unknown}
 F - 3 potions of berserk rage {unknown}
 J - a potion of mutation {unknown}
 Q - a potion of heal wounds {unknown}
Books
 K - a manual of Earth Magic
Comestibles
 j - 22 rations
 H - 4 chunks of flesh


   Skills:
 * Level 3.8 Fighting
 * Level 4.5 Short Blades
 - Level 4.0 Armour
 - Level 3.0 Dodging
 - Level 3.0 Stealth
 * Level 3.6 Shields
 + Level 16.5 Spellcasting
 - Level 8.0 Conjurations
 - Level 1.1 Transmutations
 - Level 12.0 Earth Magic


You had 22 spell levels left.
You knew the following spells:

 Your Spells              Type           Power        Failure   Level  Hunger
a - Sandblast             Erth           ######       0%          1    None
b - Passwall              Tmut/Erth      ######..     1%          2    None
c - Stone Arrow           Conj/Erth      ######       1%          3    None
d - Petrify               Tmut/Erth      ######..     1%          4    None
e - Lee's Rapid Deconstr  Erth           #######...   1%          5    None
f - Mephitic Cloud        Conj/Pois/Air  #####...     1%          3    None
g - Hailstorm             Conj/Ice       #####...     1%          4    None

Your spell library contained the following spells:

 Spells                   Type           Power        Failure   Level  Hunger
 Animate Skeleton         Necr           N/A          1%          1    None
 Apportation              Tloc           ###...       1%          1    None
 Corona                   Hex            ###....      1%          1    None
 Summon Small Mammal      Summ           ###.         1%          1    None
 Recall                   Summ/Tloc      N/A          5%          3    None
 Aura of Abjuration       Summ           ###.......   45%         5    None
 Summon Demon             Summ           ###.......   45%         5    None
 Summon Forest            Summ/Tloc      ###.......   45%         5    None
 Summon Mana Viper        Hex/Summ       ###.....     45%         5    None
 Shadow Creatures         Summ           N/A          95%         6    ##.....


Dungeon Overview and Level Annotations

Branches:
Dungeon (13/15)            Temple (1/1) D:5            Lair (0/6) D:11
    Orc (0/2) D:11
 Vaults: D:13-14

Altars:
Ashenzari
Cheibriados
Dithmenos
Elyvilon
Fedhas
Gozag
Hepliaklqana
Kikubaaqudgha
Makhleb
Nemelex Xobeh
Okawaru
Qazlal
Ru
Sif Muna
Trog
Uskayaw
Vehumet
Wu Jian
Xom
Yredelemnul
Zin
The Shining One
Lugonu

Shops:
D:6 *   D:9 =   D:12 %

Annotations:
D:5 1 exclusion
D:6 1 exclusion
D:11 2 transporters
D:12 1 exclusion, Jorgrun


Message History

Aiming: Lee's Rapid Deconstruction (safe; 1% risk of failure)
Press: ? - help, Dir - move target cursor A stone wall.
The wall shatters!
The blast of rock fragments hits the white ugly thing!
The white ugly thing is heavily wounded.
The white ugly thing misses you.
Unknown command.
Casting: Lee's Rapid Deconstruction (safe; 1% risk of failure)
Confirm with . or Enter, or press ? or * to list all spells.
Aiming: Lee's Rapid Deconstruction (safe; 1% risk of failure)
Press: ? - help, Dir - move target cursor A stone wall.
The wall shatters!
The blast of rock fragments hits the white ugly thing!
The white ugly thing is severely wounded.
You hear a roar!
An acid dragon comes into view.
The white ugly thing punches you. The white ugly thing freezes you!!
You die...

#+# #..##.##...#
#..##..##.##...#
###.#.#..##.##.#.####
+.....'..#..##.......
#.#D###.....##.......
#..# #....###...)...
##'# #....# #.......
#(###....# #.......
###.@.#....# #.......
+.#u#.+....# #.......
#...###(...# #.......
###.# #.).####.......
###'###...##.....>...
#.....#......###.....
#..[#.#)..#### #.....
+.#..))...# #..###
#.c.#.#...# ..#


You could see a white ugly thing and an acid dragon.

Vanquished Creatures
  Josephine (D:11)
  5 two-headed ogres
  A centaur warrior (D:13)
  An unseen horror (D:13)
  3 oklob plants (D:11)
  2 ugly things (D:12)
  A cyclops (D:13)
  2 gargoyles
  Grinder (D:6)
  2 trolls (D:12)
  A centaur simulacrum (D:13)
  4 hippogriffs
  2 wyverns
  4 wraiths (D:11)
  A shadow (D:12)
  12 yaks
  Grum (D:10)
  Edmund (D:6)
  Duvessa (D:6)
  6 orc warriors
  2 black bears
  3 ice beasts
  4 phantoms
  3 wolves (D:10)
  2 centaurs
  2 ogres
  10 bullfrogs
  A gnoll sergeant (D:7)
  A big kobold (D:8)
  Dowan (D:6)
  4 scorpions
  12 killer bees
  2 quasits
  4 howler monkeys
  3 crimson imps
  4 centaur zombies
  2 bullfrog zombies
  5 orc priests
  7 hounds
  3 jellies
  18 orc wizards
  4 bullfrog skeletons
  4 centaur skeletons
  3 iguanas
  10 worker ants
  2 hound zombies
  A worker ant zombie (D:5)
  11 gnolls
  15 adders
  A shadow imp (D:6)
  An ooze (D:2)
  An adder skeleton (D:6)
  4 dart slugs
  3 leopard geckos
  44 orcs
  3 ball pythons
  9 bats
  8 giant cockroaches
  10 goblins
  6 hobgoblins
  8 kobolds
  3 quokkas
  6 frilled lizards
  A leopard gecko skeleton (D:7)
  A quokka skeleton (D:8)
  12 rats
  A plant (D:11)
317 creatures vanquished.

Vanquished Creatures (others)
  5 plants (D:11)
5 creatures vanquished.

Grand Total: 322 creatures vanquished

Notes
Turn   | Place    | Note
-------+----------+-------------------------------------------
     0 | D:1      | protoss039 the Deep Elf Earth Elementalist began the quest
                  | for the Orb.
     0 | D:1      | Reached XP level 1. HP: 10/10 MP: 6/6
   377 | D:1      | Reached XP level 2. HP: 15/15 MP: 6/8
  1500 | D:1      | Learned a level 2 spell: Passwall
  1515 | D:2      | Reached skill level 1 in Fighting
  1566 | D:2      | Reached XP level 3. HP: 18/20 MP: 4/9
  1940 | D:2      | Reached skill level 1 in Armour
  1940 | D:2      | Reached XP level 4. HP: 25/25 MP: 4/11
  1949 | D:2      | Learned a level 3 spell: Stone Arrow
  2390 | D:2      | Reached skill level 4 in Spellcasting
  2992 | D:3      | Reached XP level 5. HP: 29/29 MP: 11/13
  4109 | D:4      | Reached skill level 5 in Spellcasting
  4109 | D:4      | Reached skill level 5 in Earth Magic
  4351 | D:4      | Reached XP level 6. HP: 34/34 MP: 5/15
  5220 | D:5      | Entered Level 5 of the Dungeon
  5273 | D:5      | Learned a level 4 spell: Petrify
  5279 | D:5      | Learned a level 5 spell: Lee's Rapid Deconstruction
  5343 | D:5      | Found a shimmering altar of Xom.
  5373 | D:5      | Reached skill level 6 in Spellcasting
  5373 | D:5      | Reached skill level 1 in Conjurations
  5670 | D:5      | Reached XP level 7. HP: 38/38 MP: 13/18
  6283 | D:5      | Reached skill level 7 in Spellcasting
  6408 | D:5      | Got a glimmering flail
  6414 | D:5      | Identified the +4 flail "Hurad" {drain, Str-4 Int+8 Dex-3
                  | SInv} (You found it on level 5 of the Dungeon)
  6427 | D:5      | Found a staircase to the Ecumenical Temple.
  6436 | Temple   | Entered the Ecumenical Temple
  6544 | Temple   | Became a worshipper of Vehumet
  6661 | D:5      | Found a snail-covered altar of Cheibriados.
  6889 | D:6      | Noticed a two-headed ogre
  6968 | D:6      | Reached XP level 8. HP: 43/43 MP: 5/21
  7131 | D:6      | Noticed Edmund
  7138 | D:6      | Killed Edmund
  7145 | D:6      | Reached skill level 8 in Spellcasting
  7471 | D:6      | Reached * piety under Vehumet
  7471 | D:6      | Offered knowledge of Freeze by Vehumet.
  7599 | D:6      | Noticed Grinder
  7602 | D:6      | Paralysed by Grinder for 6 turns
  7611 | D:6      | Killed Grinder
  7611 | D:6      | Reached skill level 9 in Spellcasting
  7845 | D:6      | Found Keaguech's General Store.
  7863 | D:6      | Killed a two-headed ogre
  7863 | D:6      | Reached skill level 10 in Spellcasting
  7863 | D:6      | Reached skill level 5 in Conjurations
  7863 | D:6      | Reached XP level 9. HP: 47/47 MP: 3/25
  7984 | D:6      | Bought a scroll of fear for 45 gold pieces
  7984 | D:6      | Bought a potion of degeneration for 13 gold pieces
  7984 | D:6      | Bought a potion of curing for 39 gold pieces
  7984 | D:6      | Bought a scroll of identify for 26 gold pieces
  7984 | D:6      | Bought a scroll of fog for 26 gold pieces
  8003 | D:6      | Noticed Duvessa
  8004 | D:6      | Noticed Dowan
  8006 | D:6      | Killed Duvessa
  8006 | D:6      | Killed Dowan
  8257 | D:7      | Noticed a two-headed ogre
  8496 | D:7      | Killed a two-headed ogre
  8496 | D:7      | Reached skill level 11 in Spellcasting
  8636 | D:7      | Reached XP level 10. HP: 52/52 MP: 20/27
  8998 | D:7      | Reached ** piety under Vehumet
  8998 | D:7      | Offered knowledge of Searing Ray by Vehumet.
  9374 | D:8      | Noticed a two-headed ogre
  9376 | D:8      | Reached skill level 12 in Spellcasting
  9378 | D:8      | Killed a two-headed ogre
  9378 | D:8      | Reached skill level 10 in Earth Magic
 10153 | D:8      | Offered knowledge of Mephitic Cloud by Vehumet.
 10409 | D:8      | Reached *** piety under Vehumet
 10574 | D:8      | Found a glowing silver altar of Zin.
 10577 | D:8      | Found a shattered altar of Ashenzari.
 10594 | D:8      | Found a glowing golden altar of the Shining One.
 10737 | D:8      | Learned a level 3 spell: Mephitic Cloud
 10790 | D:9      | Reached skill level 13 in Spellcasting
 11372 | D:9      | Noticed a two-headed ogre
 11376 | D:9      | Killed a two-headed ogre
 11423 | D:9      | Found Nunushrim's Jewellery Shop.
 11587 | D:9      | Identified a scroll of acquirement
 11604 | D:8      | Got a pair of smoking boots
 11674 | D:5      | Got a dazzling short sword
 11675 | D:5      | Identified the +6 short sword of Income {speed, Fragile
                  | +Fly rN+ MR+} (You found it on level 5 of the Dungeon)
 11684 | D:5      | Identified the +2 pair of boots "Inkaithreci" {rPois Int+4}
                  | (You found it on level 8 of the Dungeon)
 11790 | D:10     | Entered Level 10 of the Dungeon
 11805 | D:10     | Reached XP level 11. HP: 56/56 MP: 24/30
 11927 | D:10     | Offered knowledge of Sticky Flame by Vehumet.
 11927 | D:10     | Reached skill level 1 in Short Blades
 12102 | D:10     | Reached skill level 1 in Shields
 12399 | D:10     | Reached skill level 14 in Spellcasting
 12399 | D:10     | Noticed Grum
 12404 | D:10     | Killed Grum
 12553 | D:10     | Reached **** piety under Vehumet
 12882 | D:11     | Got a faintly humming scale mail
 13028 | D:11     | Found a staircase to the Lair.
 13029 | D:11     | Noticed an oklob plant
 13033 | D:11     | Noticed an oklob plant
 13033 | D:11     | Noticed an oklob plant
 13181 | D:11     | Found a staircase to the Orcish Mines.
 13257 | D:11     | Noticed Josephine
 13387 | D:11     | Found a transporter.
 13387 | D:11     | Noticed a purple ugly thing
 13388 | D:11     | Found a transporter.
 13388 | D:11     | Found a corrupted altar of Lugonu.
 13427 | D:11     | Offered knowledge of Hailstorm by Vehumet.
 13646 | D:11     | Killed Josephine
 13715 | D:11     | Killed an oklob plant
 13865 | D:11     | Killed an oklob plant
 13920 | D:11     | Killed an oklob plant
 13920 | D:11     | Reached skill level 15 in Spellcasting
 14028 | D:11     | Learned a level 4 spell: Hailstorm
 14140 | D:12     | Noticed a two-headed ogre
 14147 | D:12     | Killed a two-headed ogre
 14541 | D:12     | Reached XP level 12. HP: 64/64 MP: 2/33
 14847 | D:12     | Found Durph's Food Shop.
 14908 | D:12     | Noticed Jorgrun
 15133 | D:13     | Got a thick robe
 15144 | D:13     | Identified the +0 robe of Leapfrog {rF+ MR+} (You found it
                  | on level 13 of the Dungeon)
 15266 | D:13     | Reached skill level 16 in Spellcasting
 15417 | D:13     | Noticed a centaur warrior
 15423 | D:13     | Killed a centaur warrior
 15423 | D:13     | Reached ***** piety under Vehumet
 15618 | D:13     | Slain by a white ugly thing

Illustrated notes

Levels and vault maps discovered:
D:1:      nzn_arrival_crosshair, layout_basic, grunt_decor_resistance
D:2:      layout_loops_corners
D:3:      layout_loops_corners
D:4:      layout_gridville, first_ration
D:5:      layout_loops_cross, xom_teletrap_fun, minmay_temple_entry_mist,
          basic_altar
D:6:      layout_rooms, serial_shops, kennysheep_little_box, serial_rivers,
          chequers_serial_rivers_micro_b, chequers_serial_rivers_large_a,
          chequers_serial_rivers_micro_e, chequers_serial_rivers_small_b,
          chequers_serial_rivers_micro_c, chequers_serial_rivers_micro_a,
          uniq_edmund, uniq_duvessa, uniq_grinder
D:7:      layout_rooms
D:8:      layout_loops_ring, grunt_temple_overflow_diamond
D:9:      layout_rooms, minmay_shop_enchanted_jewellery
D:10:     layout_roguey, uniq_grum
D:11:     gammafunk_corrupted_shrine, layout_rooms, dpeg_oklobed_lair,
          uniq_josephine
D:12:     layout_basic, serial_shops, nicolae_shop_trees, uniq_jorgrun
D:13:     minmay_the_grid_square_5x5_5x5 [minmay_the_grid_square_5x5_minivault,
          minmay_the_grid_square_5x5_bracketed,
          minmay_the_grid_square_5x5_broken_cross,
          minmay_the_grid_square_5x5_corner, minmay_the_grid_square_5x5_z,
          minmay_the_grid_square_5x5_plus,
          minmay_the_grid_square_5x5_prize_monsterx,
          minmay_the_grid_square_5x5_three,
          minmay_the_grid_square_5x5_prize_snowflake,
          minmay_the_grid_square_5x5_forky,
          minmay_the_grid_square_5x5_hourglass, minmay_the_grid_square_5x5_v,
          minmay_the_grid_square_5x5_prize_pseudospiral,
          minmay_the_grid_square_5x5_seven,
          minmay_the_grid_square_5x5_beaten_path,
          minmay_the_grid_square_5x5_detours,
          minmay_the_grid_square_5x5_prize_gold,
          minmay_the_grid_square_5x5_inner_i,
          minmay_the_grid_square_5x5_prize_waves,
          minmay_the_grid_square_5x5_longway,
          minmay_the_grid_square_5x5_three_walls,
          minmay_the_grid_square_5x5_pentomino_r,
          minmay_the_grid_square_5x5_three_small,
          minmay_the_grid_square_5x5_fancy_junction,
          minmay_the_grid_square_5x5_inset], layout_rooms, david_vaults_1,
          hangedman_stone_soup, minmay_diamond_spiral
Temple:   dpeg_five_rooms_temple

Skill      XL: |  1  2  3  4  5  6  7  8  9 10 11 12 |
---------------+-------------------------------------+-----
Stealth        | 3 |  3.0
Dodging        | 3 |  3.0
Fighting       | 1 3 |  3.8
Armour         | 1 2 3 4 |  4.0
Earth Magic    | 4 5 6 8 9 12 | 12.0
Spellcasting   | 4 5 6 7 10 11 13 15 16 | 16.5
Conjurations   | 1 2 5 7 8 |  8.0
Short Blades   | 3 4 |  4.5
Shields        | 3 |  3.6
Transmutations | |  1.1

Action                   |  1- 3 |  4- 6 |  7- 9 | 10-12 || total
-------------------------+-------+-------+-------+-------++-------
Melee: Unarmed           |     7 |       |       |       ||     7
       Short sword       |    16 |       |       |    34 ||    50
       Dagger            |       |    48 |    13 |       ||    61
       Flail             |       |       |     5 |     2 ||     7
 Cast: Sandblast         |    30 |    58 |    20 |    88 ||   196
       Stone Arrow       |       |    26 |    81 |   165 ||   272
       Petrify           |       |       |     2 |     2 ||     4
       Lee's Rapid Decon |       |       |     4 |    51 ||    55
  Use: Potion            |       |     3 |       |       ||     3
       Scroll            |       |       |     4 |     7 ||    11
 Stab: Sleeping          |     6 |     9 |     1 |     1 ||    17
       Distracted        |       |       |       |     1 ||     1
  Eat: Chunk             |     3 |     9 |    10 |    17 ||    39
       Ration            |       |     1 |       |     1 ||     2
Armor: Robe              |     2 |    23 |     4 |     6 ||    35
       Leather armour    |       |       |       |    24 ||    24
Dodge: Dodged            |    21 |    47 |    31 |    71 ||   170
